 Dungeon Crawl Stone Soup version 0.27-a0-836-gfc908b8576 (webtiles) character file.

Game seed: 13886822541480497139

21337 robertstho the Thaumaturge (level 12, -3/85 HPs)
             Began as a Djinni Venom Mage on Mar 31, 2021.
             Was an Initiate of Gozag.
             Slain by a black mamba (18 damage)
             ... on level 3 of the Lair of Beasts.
             The game lasted 00:53:43 (24216 turns).

robertstho the Thaumaturge (Djinni Venom Mage)     Turns: 24216, Time: 00:53:46

Health: -3/85      AC:  5    Str: 13    XL:     12   Next: 88%
Gold:   78         EV: 13    Int: 21    God:    Gozag SH:  5 Dex: 15

rFire    + + .     SeeInvis .   k - +3 bardiche (vorpal)
rCold    x . .     Faith    .   (shield currently unavailable)
rNeg     . . .     Spirit   .   a - +0 robe
rPois    ∞         Reflect  +   o - +0 helmet
rElec    .         Harm     .   G - +0 cloak
rCorr    .         Rampage  .   d - +0 pair of gloves
Will     +....                  (boots unavailable)
Stlth    +++.......             C - amulet of reflection
HPRegen  0.24/turn              f - +6 ring of strength
MPRegen  0.00/turn              c - ring of wizardry

@: flying
A: fire resistance 2, cold vulnerability 1, float, innate caster, hp casting,
extra vitality 1
a: Renounce Religion, Potion Petition, Call Merchant, Bribe Branch


You were on level 3 of the Lair of Beasts.
You worshipped Gozag.
Gozag was noncommittal.
You visited 2 branches of the dungeon, and saw 14 of its levels.
You also visited: Sewer.

You collected 3646 gold pieces.
You spent 1164 gold pieces at shops.
You paid 2404 gold pieces to Gozag.

Inventory:

Hand Weapons
 j - a +5 flail of freezing
 k - a +3 vorpal bardiche (weapon)
 H - the +10 rapier of Cymove {vorpal, rElec Str-5 Dex+5}
   (You found it on level 9 of the Dungeon)

   It inflicts extra damage upon your enemies.
   It affects your strength (-5).
   It affects your dexterity (+5).
   It insulates you from electricity.
Armour
 a - a +0 robe (worn)
 d - a +0 pair of gloves (worn)
 o - a +0 helmet (worn)
 G - a +0 cloak (worn)
Jewellery
 c - a ring of wizardry (right hand)
 f - a +6 ring of strength (left hand)
 m - a ring of positive energy
 C - an amulet of reflection (around neck)
 D - a ring of willpower
 J - a +6 ring of strength
 R - a +6 ring of strength
Wands
 s - a wand of paralysis (6)
 A - a wand of mindburst (14)
 M - a wand of acid (3)
 O - a wand of flame (20)
 Q - a wand of polymorph (7)
Scrolls
 g - a scroll of vulnerability {unknown}
 h - 2 scrolls of noise {unknown}
 i - 2 scrolls of enchant weapon {unknown}
 q - 6 scrolls of magic mapping {unknown}
 r - a scroll of torment {unknown}
 t - a scroll of immolation
 u - a scroll of blinking {unknown}
 v - 5 scrolls of fear {unknown}
 y - 8 scrolls of teleportation {unknown}
 E - 2 scrolls of enchant armour {unknown}
 F - a scroll of brand weapon {unknown}
 K - a scroll of fog {unknown}
 L - 2 scrolls of amnesia {unknown}
Potions
 b - 7 potions of curing
 e - a potion of ambrosia
 l - 2 potions of cancellation
 n - 4 potions of berserk rage
 p - a potion of heal wounds
 w - 3 potions of brilliance {unknown}
 x - 4 potions of might
 z - a potion of haste
 B - a potion of invisibility
 N - a potion of lignification {unknown}
 S - a potion of mutation
Miscellaneous
 I - a box of beasts


   Skills:
 * Level 7.3 Fighting
 + Level 1.1 Short Blades
 + Level 4.1 Polearms
 + Level 4.2 Dodging
 + Level 4.1 Stealth
 + Level 0.8 Shields
 * Level 14.9 Spellcasting


You had 13 spell levels left.
You knew the following spells:

 Your Spells              Type           Power      Damage    Failure   Level
a - Sting                 Tmut/Pois      100%       1d8       0%          1
b - Poisonous Vapours     Pois/Air       100%       N/A       0%          2
c - Mephitic Cloud        Conj/Pois/Air  67%        N/A       1%          3
d - Ignite Poison         Fire/Tmut/Pois 67%        N/A       1%          3
e - Olgreb's Toxic Radia  Pois           67%        N/A       1%          4
f - Animate Skeleton      Necr           100%       N/A       0%          1
g - Swiftness             Air            67%        N/A       0%          2
h - Portal Projectile     Hex/Tloc       100%       N/A       1%          3
i - Animate Armour        Summ/Erth      100%       N/A       1%          4
j - Ice Form              Ice/Tmut       67%        N/A       1%          4
Your spell library was empty.

Dungeon Overview and Level Annotations

Branches:
Dungeon (10/15)            Temple (0/1) D:4            Lair (4/6) D:9
  Snake (0/4) Lair:2          Orc (0/2) D:10          Sewer (visited)
  Swamp: Lair:2-4    Shoals: Lair:2-4

Altars:
Ashenzari
Cheibriados
Elyvilon
Fedhas
Gozag
Kikubaaqudgha
Nemelex Xobeh
Qazlal
Ru
Sif Muna
Trog
Uskayaw
Vehumet

Shops:
D:3 =   Lair:3 *[

Annotations:
D:3 Jewellry shop
Lair:4 Rupert


Innate Abilities, Weirdness & Mutations

You are immune to poison.
Your flesh is very heat resistant. (rF++)
You are vulnerable to cold. (rC-)
You float through the air rather than walking.
You learn spells naturally, not from books.
Your magical power is your life essence.
You have superior vitality. (+4 HP)


Message History

A nearby plant withers and dies.
Rupert roars wildly at you.
You struggle to resist.
The black bear growls angrily.
You can move again.
Rupert looks more healthy.
Rupert roars madly and goes into a rage!
Rupert goes berserk!
There is a stone staircase leading up here.
The black mamba bites you but does no damage.
The black mamba misses you.
You fly upwards.
There is a stone staircase leading down here.
Casting: Olgreb's Toxic Radiance (safe; 1% risk of failure)
Confirm with . or Enter, or press ? or * to list all spells.
Aiming: Mephitic Cloud (safe; 1% risk of failure)
Press: ? - help, Shift-Dir - straight line, f - you The ball explodes into a vile cloud!
The stinking cloud engulfs you but does no damage.
The stinking cloud engulfs the black mamba but does no damage.
The black mamba bites you! The black mamba closely misses you.
Unknown command.
The black mamba bites you!
Casting: Mephitic Cloud (safe; 1% risk of failure)
Confirm with . or Enter, or press ? or * to list all spells.
You ignite the poison in your surroundings!
The black mamba is engulfed in blazing flames.
The black mamba bites you!
The black mamba is engulfed in blazing flames.
The black mamba bites you!!
You are too injured to fight recklessly!
You miss the black mamba.
The black mamba is moderately wounded.
The black mamba is engulfed in blazing flames.
The black mamba bites you!
* * * LOW HITPOINT WARNING * * *
The black mamba is engulfed in blazing flames.
The black mamba bites you!!
You die...
Your body crumbles into a pile of gold.

.......#### #...#######P
#....#.P### #...##.#..#.
#####.....# ###......... #.#...#
##........ ###...# ##.......
#P.P.### ###(..#....
##.#...####### ##..........
#.....#§☼§#.####....#...... ####
###....#§>S@............#.##
...###.......§..........##.#####
..........P#..............##
.................##..##...###
....#................##.....##
....P............#..P.....^#.#
......#.#...............#P.###
...(........#..#......###...#
#....................## #...#


You could see a black mamba.

Vanquished Creatures
  A boulder beetle (Lair:3)
  A deep elf zephyrmancer (D:7)
  A manticore (Lair:2)
  A black mamba (Lair:1)
  5 cane toads
  5 komodo dragons
  A polar bear (Lair:3)
  A wind drake (Lair:2)
  2 hornets
  3 blink frogs (Lair:3)
  Grinder (D:6)
  A wyvern (Lair:3)
  41 yaks
  A basilisk (Lair:2)
  5 nagas (Lair:2)
  An acid dragon (D:9)
  14 water moccasins
  9 orc warriors
  3 sky beasts
  2 necrophages
  3 ogres
  3 black bears (D:4)
  12 wolves (Lair:1)
  A centaur (D:9)
  3 phantoms
  A kobold brigand (D:7)
  17 bullfrogs
  3 water moccasin zombies
  4 scorpions
  A wyvern skeleton (D:7)
  6 killer bees (D:9)
  4 wights (D:6)
  4 electric eels
  11 howler monkeys
  A centaur zombie (D:9)
  A jelly (D:7)
  A centaur skeleton (D:5)
  6 hounds
  9 orc priests
  A gnoll shaman (D:6)
  6 iguanas
  Terence (D:2)
  13 orc wizards
  2 hound skeletons (D:4)
  12 gnolls
  A howler monkey skeleton (D:3)
  5 river rats
  15 adders
  A white imp (D:6)
  An adder zombie (D:3)
  An adder skeleton (D:3)
  3 worms
  2 dart slugs
  24 orcs
  14 ball pythons
  4 endoplasms
  6 giant cockroaches
  8 goblins
  3 hobgoblins (D:1)
  13 jackals
  2 quokkas
  A ball python zombie (D:3)
  3 bats
  5 frilled lizards
  12 kobolds
  30 rats
  A bush (Lair:2)
380 creatures vanquished.

Vanquished Creatures (collateral kills)
  An endoplasm (D:1)
1 creature vanquished.

Vanquished Creatures (others)
  A quokka (D:6)
  12 fungi
  16 plants
  A withered plant (D:3)
30 creatures vanquished.

Grand Total: 411 creatures vanquished

Notes
Turn   | Place    | Note
-------+----------+-------------------------------------------
     0 | D:1      | robertstho the Djinni Venom Mage began the quest for the
                  | Orb.
     0 | D:1      | Reached XP level 1. HP: 15/15 MP: 0/0
   228 | D:1      | Reached skill level 3 in Spellcasting
   232 | D:1      | Reached XP level 2. HP: 19/22 MP: 0/0
   901 | D:1      | Reached skill level 1 in Fighting
   901 | D:1      | Reached XP level 3. HP: 15/27 MP: 0/0
   901 | D:1      | Learned a level 1 spell: Animate Skeleton
  1537 | D:2      | Noticed Terence
  1548 | D:2      | Killed Terence
  1549 | D:2      | Reached XP level 4. HP: 11/32 MP: 0/0
  1875 | D:2      | Reached skill level 4 in Spellcasting
  3120 | D:3      | Reached XP level 5. HP: 22/37 MP: 0/0
  3120 | D:3      | Learned a level 2 spell: Swiftness
  3986 | D:3      | Found a hide-covered altar of Uskayaw.
  3986 | D:3      | Found an opulent altar of Gozag.
  4197 | D:3      | Became a worshipper of Gozag Ym Sagoz the Greedy
  4235 | D:4      | Noticed a black bear
  4246 | D:4      | Killed a black bear
  4247 | D:4      | Reached skill level 5 in Spellcasting
  4247 | D:4      | Reached XP level 6. HP: 23/43 MP: 0/0
  4556 | D:4      | Noticed a black bear
  4563 | D:4      | Killed a black bear
  4576 | D:4      | Reached skill level 1 in Short Blades
  4578 | D:4      | Reached XP level 7. HP: 37/49 MP: 0/0
  4578 | D:4      | Learned a level 3 spell: Portal Projectile
  4873 | D:4      | Found a staircase to the Ecumenical Temple.
  5166 | D:4      | Reached skill level 6 in Spellcasting
  5990 | D:5      | Entered Level 5 of the Dungeon
  6042 | D:5      | Reached XP level 8. HP: 26/56 MP: 0/0
  6043 | D:5      | Reached skill level 7 in Spellcasting
  6267 | D:5      | Reached skill level 1 in Polearms
  6630 | D:5      | Reached skill level 8 in Spellcasting
  6642 | D:5      | Reached XP level 9. HP: 27/62 MP: 0/0
  6642 | D:5      | Learned a level 4 spell: Animate Armour
  7169 | D:5      | Found a bloodstained altar of Trog.
  7564 | D:6      | Found a white marble altar of Elyvilon.
  7581 | D:6      | Identified a scroll of acquirement
  7585 | D:6      | Acquired a +6 ring of strength
  7590 | D:6      | Found a broken altar of Ashenzari.
  7624 | D:6      | Found a glowing drain.
  7634 | Sewer    | Entered a sewer
  8654 | Sewer    | Reached skill level 9 in Spellcasting
  9089 | D:6      | Noticed Grinder
  9094 | D:6      | Killed Grinder
 10015 | D:7      | Reached skill level 10 in Spellcasting
 10398 | D:7      | Reached XP level 10. HP: 51/69 MP: 0/0
 10750 | D:7      | Noticed a deep elf zephyrmancer
 10754 | D:7      | Killed a deep elf zephyrmancer
 10755 | D:7      | Reached skill level 5 in Fighting
 11967 | D:3      | Bought an amulet of reflection for 450 gold pieces
 12304 | D:8      | Found a stormy altar of Qazlal.
 12306 | D:8      | Found a sparkling altar of Nemelex Xobeh.
 12306 | D:8      | Found a sacrificial altar of Ru.
 12306 | D:8      | Found a snail-covered altar of Cheibriados.
 12927 | D:8      | Reached skill level 11 in Spellcasting
 13381 | D:8      | Found a blossoming altar of Fedhas.
 14624 | D:9      | Found a staircase to the Lair.
 15451 | D:9      | Identified the +10 rapier of Cymove {vorpal, rElec Str-5
                  | Dex+5}
 15586 | D:10     | Entered Level 10 of the Dungeon
 15883 | D:10     | Reached skill level 12 in Spellcasting
 15883 | D:10     | Reached XP level 11. HP: 61/76 MP: 0/0
 15883 | D:10     | Learned a level 4 spell: Ice Form
 17177 | D:10     | Found a staircase to the Orcish Mines.
 17386 | D:3      | Bought a ring of wizardry for 450 gold pieces
 17497 | Lair:1   | Entered Level 1 of the Lair of Beasts
 18035 | Lair:1   | Reached skill level 13 in Spellcasting
 18853 | Lair:1   | Reached XP level 12. HP: 56/84 MP: 0/0
 21273 | Lair:2   | Reached skill level 14 in Spellcasting
 21453 | Lair:2   | Found a staircase to the Snake Pit.
 22606 | Lair:2   | You are sucked into a shaft and drop 1 floor!
 23240 | Lair:3   | Noticed a boulder beetle
 23246 | Lair:3   | Killed a boulder beetle
 24196 | Lair:3   | Bought a scroll labelled DENLAZ PYVUN for 33 gold pieces
 24196 | Lair:3   | Bought a scroll of identify for 66 gold pieces
 24196 | Lair:3   | Bought a scroll labelled EMILIUSM KIBOI for 33 gold pieces
 24196 | Lair:3   | Bought a scroll labelled PUYLA ESIP for 33 gold pieces
 24196 | Lair:3   | Bought a potion of curing for 99 gold pieces
 24202 | Lair:4   | Noticed Rupert
 24203 | Lair:4   | Paralysed by Rupert for 5 turns
 24216 | Lair:3   | Slain by a black mamba

Illustrated notes

Levels and vault maps discovered:
D:1:      minmay_arrival_diagonal_passages, layout_basic
D:2:      layout_basic, uniq_terence
D:3:      layout_basic, minitemple, serial_undead, serial_undead_b,
          serial_undead_d, serial_undead_f, serial_undead_a, serial_undead_d,
          serial_undead_c, serial_undead_f
D:4:      layout_cave_pods, minmay_temple_entry_proselytizer,
          chequers_serial_rivers_micro_c, minmay_checkerbox
D:5:      layout_loops_ring, bloody_trog, minmay_increasing_density
D:6:      layout_loops_ring, elyvilon_altar_4, general_overflow_altar,
          portal_sewer_entry_b, uniq_grinder
D:7:      layout_basic, guppyfry_early_elven_hall
D:8:      layout_loops_ring, kennysheep_mini_moat, grunt_temple_overflow_open
D:9:      statuecave_lemuel, layout_rooms, grunt_temple_overflow_magic_moments,
          dpeg_oklobed_lair, kennysheep_generic_room_6
D:10:     layout_cave_pools, david_orc_4, serial_column_ruins,
          column_ruins_hut_ruined, column_ruins_corridor_corner,
          column_ruins_grid_2, column_ruins_open_tiny,
          column_ruins_columns_straight, column_ruins_open_small,
          corexii_corridor_pit
Lair:1:   beast_lair_carwin_large_1, layout_regular_city, grunt_megastairs_4,
          infiniplex_staircase_pool, serial_bayou_shore_b
Lair:2:   layout_chaotic_city, minmay_shoals_entry_beasts,
          minmay_snake_entry_guardpost_medium, lemuel_fruit_tree
Lair:3:   layout_misc_corridors
Lair:4:   layout_regular_city, uniq_rupert

Skill      XL: |  1  2  3  4  5  6  7  8  9 10 11 12 |
---------------+-------------------------------------+-----
Spellcasting   | 3 4 5 6 8 10 12 13 14 | 14.9
Fighting       | 1 2 3 4 5 6 7 |  7.3
Stealth        | 2 3 4 |  4.1
Short Blades   | 1 |  1.1
Polearms       | 1 2 3 4 |  4.1
Dodging        | 3 4 |  4.2
Shields        | |  0.8

Action                   |  1- 3 |  4- 6 |  7- 9 | 10-12 || total
-------------------------+-------+-------+-------+-------++-------
Melee: Unarmed           |     4 |       |       |       ||     4
       Dagger            |    14 |    24 |       |       ||    38
       Bardiche          |       |       |    38 |    61 ||    99
       Flail             |       |       |     3 |       ||     3
 Cast: Sting             |    44 |    35 |     1 |       ||    80
       Poisonous Vapours |     2 |     8 |     3 |    13 ||    26
       Mephitic Cloud    |     1 |    25 |   118 |   205 ||   349
       Animate Skeleton  |     1 |       |       |       ||     1
       Ignite Poison     |       |    15 |    66 |   127 ||   208
       Olgreb's Toxic Ra |       |       |     3 |    44 ||    47
Invok: Call Merchant     |       |       |       |     3 ||     3
  Use: Potion            |       |     1 |     1 |     1 ||     3
       Scroll            |       |       |     6 |     7 ||    13
 Stab: Confused          |       |       |     2 |     3 ||     5
       Distracted        |       |       |       |     1 ||     1
Armor: Robe              |     8 |     6 |     7 |    16 ||    37
Dodge: Dodged            |    20 |    24 |    64 |    59 ||   167
Block: Other             |       |       |       |    19 ||    19
       Reflection        |       |       |       |     1 ||     1

Table legend: (Time is in decaauts)
 A = Elapsed time spent in this place.
 B = Non-inter-level travel time spent in this place.
 C = Inter-level travel time spent in this place.
 D = Time resting spent in this place.
 E = Time spent auto-exploring this place.
 F = Levels seen in this place.
 G = Mean time per level.
                   A        B        C        D        E       F      G
               +--------+--------+--------+--------+--------+-----+--------+
         Total |  24323 |  23460 |    863 |   7037 |  14005 |  15 | 1621.5 |
       Dungeon |  16832 |  16076 |    756 |   4973 |   9340 |  10 | 1683.2 |
          Lair |   6270 |   6163 |    107 |   1696 |   3908 |   4 | 1567.5 |
         Sewer |   1220 |   1220 |      0 |    368 |    757 |   1 | 1220.0 |
               +--------+--------+--------+--------+--------+-----+--------+

Top non-repeatable levels by time:
  Lair:1: 2936 daAuts
     D:8: 2614 daAuts
     D:9: 2094 daAuts
     D:4: 1910 daAuts
     D:7: 1780 daAuts
  Lair:2: 1717 daAuts
     D:6: 1614 daAuts
  Lair:3: 1606 daAuts
     D:3: 1529 daAuts
     D:1: 1519 daAuts
     D:2: 1393 daAuts
     D:5: 1329 daAuts
   Sewer: 1220 daAuts
    D:10: 1046 daAuts
  Lair:4: 10 daAuts
